 Dungeon Crawl Stone Soup version 0.31.0-1-g2c135a008e (webtiles) character file.

Game seed: 5904615020903349550

705 qw the Shooter (level 7, -3/52 HPs)
             Began as a Djinni Hunter on Jan 23, 2024.
             Was an Initiate of Okawaru.
             Slain by a gnoll sergeant
             ... wielding a +4 spear of flaming
              (7 damage)
             ... on level 5 of the Dungeon.
             The game lasted 00:00:14 (3233 turns).

qw the Shooter (Djinni Hunter)                      Turns: 3233, Time: 00:00:15

Health: -3/52      AC:  7    Str: 10    XL:     7   Next: 99%
Gold:   236        EV: 13    Int: 11    God:    Okawaru [......] SH:  0 Dex: 24

rFire   + + +        b - +0 orcbow (drain)
rCold   x . .        (shield currently unavailable)
rNeg    . . .        f - +0 ring mail
rPois   inf          k - +0 helmet
rElec   .            (no cloak)
rCorr   .            (no gloves)
SInv    .            (boots unavailable)
Will    .....        (no amulet)
Stlth   +            i - +6 ring of dexterity
HPRegen 0.28/turn    e - ring of protection from fire
MPRegen 0.00/turn

%: infuse magic (-4 HP)
@: flying
A: sickness immunity, fire resistance 2, cold vulnerability 1, float, innate
caster, HP casting, extra vitality 1, shaggy fur 1
a: Renounce Religion


You were on level 5 of the Dungeon.
You worshipped Okawaru.
Okawaru was noncommittal.
You visited 2 branches of the dungeon, and saw 6 of its levels.

You collected 236 gold pieces.


Innate Abilities, Weirdness & Mutations

You are immune to sickness and miasma.
You are immune to poison.
Your flesh is very heat resistant. (rF++)
You are vulnerable to cold. (rC-)
You float through the air rather than walking.
You learn spells naturally, not from books.
Your magical power is your life essence.
You have superior vitality. (+4 MHP)
You are covered in fur. (AC +1)


   Skills:
 - Level 4.1 Fighting
 - Level 6.1 Ranged Weapons
 + Level 1.4 Armour
 - Level 4.2 Dodging
 - Level 0.7 Stealth


You knew the following spells:

 Your Spells              Type           Power      Damage    Failure   Level
a - Foxfire               Conj/Fire      0%         2x1d4     65%         1
b - Momentum Strike       Conj/Tloc      0%         3d8       80%         2
c - Stone Arrow           Conj/Erth      0%         3d7       95%         3
Your spell library was empty.

Inventory:

Hand Weapons
 b - a +0 orcbow of draining (weapon)
Armour
 f - a +0 ring mail (worn)
 k - a +0 helmet (worn)
Jewellery
 e - a ring of protection from fire (right hand)
 i - a +6 ring of dexterity (left hand)
 Y - a ring of positive energy
Potions
 c - 2 potions of curing
 d - a potion of haste
 g - 2 potions of resistance
 h - a potion of might

Dungeon Overview and Level Annotations

Branches:
Dungeon (5/15)             Temple (1/1) D:4

Altars:
Ashenzari
Elyvilon
Fedhas
Gozag
Hepliaklqana
Makhleb
Nemelex Xobeh
Okawaru
Qazlal
Ru
Trog
Uskayaw
Wu Jian
Xom
Yredelemnul
Zin
The Shining One


Message History

The arrow hits the gnoll sergeant but does no damage.
You drain the gnoll sergeant.
The gnoll sergeant is moderately wounded.
You shoot an arrow. The gnoll sergeant blocks the arrow.
The gnoll throws a throwing net.
The throwing net hits you.
You become entangled in the net!
You struggle against the net.
You struggle against the net.
You struggle against the net.
The gnoll sergeant hits you from afar with a +4 spear of flaming.
You struggle against the net.
The gnoll sergeant hits you from afar with a +4 spear of flaming.
The gnoll hits you from afar with a +0 spear!
The gnoll hits you from afar with a +0 halberd!
You rip the net and break free!
The gnoll sergeant hits you from afar with a +4 spear of flaming!
The gnoll hits you from afar with a +0 spear.
The gnoll closely misses you.
Enter note: You shoot an arrow.
The gnoll sergeant blocks the arrow.
The gnoll sergeant hits you from afar with a +4 spear of flaming.
The gnoll hits you but does no damage.
The gnoll hits you from afar with a +0 halberd!
The gnoll hits you but does no damage. The gnoll misses you.
The gnoll sergeant hits you from afar with a +4 spear of flaming.
3231 ||| DRINKING potion of heal wounds.
You feel much better.
The gnoll sergeant hits you from afar with a +4 spear of flaming!
The gnoll hits you from afar with a +0 spear.
The gnoll hits you from afar with a +0 halberd!
You shoot an arrow. The arrow hits the gnoll sergeant!
The gnoll sergeant is heavily wounded.
The gnoll sergeant barely misses you. The gnoll closely misses you.
The gnoll completely misses you.
You shoot an arrow.
The arrow hits the gnoll sergeant but does no damage.
You drain the gnoll sergeant.
The gnoll sergeant is severely wounded.
The gnoll sergeant hits you from afar with a +4 spear of flaming!
You die...

.)... .........# g....
...........## ....##
....##....... ..)..
...###...... #...
##.......... ##.g##
#...##.....#
#.ggg######....###...
#.!..#.##...........
......#@....#...........
........##......#.......
...##>.#.......###.....#
.. #...........###.#.##
. ###.#.........###.#
..###.........#### ##.
..........## #
............#
.............


You could see a gnoll sergeant (very drained) and 3 gnolls.

Vanquished Creatures
  Sigmund (D:3)
  A phantom (D:4)
  2 hounds
  2 bombardier beetles (D:3)
  2 orc priests
  A sleepcap (D:4)
  Terence (D:2)
  An iguana (D:4)
  2 orc wizards
  2 gnolls (D:5)
  5 adders
  A dart slug (D:1)
  8 orcs
  11 ball pythons
  A bat (D:2)
  7 endoplasms
  5 giant cockroaches
  4 goblins
  7 hobgoblins
  8 jackals
  4 quokkas
  5 frilled lizards
  10 kobolds
  7 rats
98 creatures vanquished.

Notes
Turn   | Place    | Note
-------+----------+-------------------------------------------
     0 | D:1      | qw the Djinni Hunter began the quest for the Orb.
     0 | D:1      | Reached XP level 1. HP: 18/18 MP: 0/0
     0 | D:1      | 0 ||| qw: Version: 0.3-a-136-gdd3b4e8
     0 | D:1      | 0 ||| qw: Game counter: 1115
     0 | D:1      | 0 ||| qw: Melee chars always use a shield: true
     0 | D:1      | 0 ||| qw: God list: Okawaru
     0 | D:1      | 0 ||| qw: Allow faded altars: false
     0 | D:1      | 0 ||| qw: Do Orc after clearing Dungeon:15 true
     0 | D:1      | 0 ||| qw: Do second Lair branch before Depths: true
     0 | D:1      | 0 ||| qw: Lair rune preference: random
     0 | D:1      | 0 ||| qw: Goals: Normal
     0 | D:1      | 0 ||| PLANNING D:1-11
   124 | D:1      | Reached XP level 2. HP: 23/23 MP: 0/0
   290 | D:1      | Reached skill level 4 in Ranged Weapons
   290 | D:1      | Reached XP level 3. HP: 28/28 MP: 0/0
   290 | D:1      | Learned a level 1 spell: Foxfire
   554 | D:1      | 554 ||| UPGRADING to +0 ring mail.
   564 | D:1      | 564 ||| DROPPING +0 leather armour.
   565 | D:1      | 565 ||| READING 3 scrolls labelled ROXORE NETWA.
   565 | D:1      | 565 ||| IDENTIFYING silvery potion
   566 | D:1      | 566 ||| DROPPING scroll of butterflies.
   637 | D:2      | 637 ||| SWAPPING to +0 orcbow.
   642 | D:2      | 642 ||| DROPPING +0 shortbow.
   862 | D:2      | Reached skill level 1 in Armour
   962 | D:2      | Reached XP level 4. HP: 33/34 MP: 0/0
  1516 | D:2      | 1516 ||| READING 5 scrolls of identify.
  1516 | D:2      | 1516 ||| IDENTIFYING puce potion
  1517 | D:2      | 1517 ||| READING 4 scrolls of identify.
  1517 | D:2      | 1517 ||| IDENTIFYING 2 smoky clear potions
  1518 | D:2      | 1518 ||| READING 3 scrolls of identify.
  1518 | D:2      | 1518 ||| IDENTIFYING scroll labelled FETTETRIDWUJ
  1519 | D:2      | 1519 ||| READING scroll of brand weapon.
  1519 | D:2      | 1519 ||| BRANDING +0 orcbow.
  1520 | D:2      | 1520 ||| READING 2 scrolls of identify.
  1520 | D:2      | 1520 ||| IDENTIFYING scroll labelled ZAZE BEUFF
  1521 | D:2      | 1521 ||| DROPPING scroll of blinking.
  1547 | D:3      | Reached skill level 3 in Fighting
  1548 | D:3      | Noticed Terence
  1550 | D:3      | 1550 ||| FLEEEEING.
  1551 | D:3      | 1551 ||| FLEEEEING.
  1555 | D:3      | 1555 ||| FLEEEEING.
  1556 | D:3      | 1556 ||| FLEEEEING.
  1557 | D:3      | 1557 ||| STAIRDANCE
  1606 | D:3      | 1606 ||| STAIRDANCE
  1615 | D:2      | HP: 5/35 [Terence/+0 flail (6)]
  1619 | D:2      | Killed Terence
  1620 | D:2      | Reached XP level 5. HP: 8/40 MP: 0/0
  1620 | D:2      | Learned a level 2 spell: Momentum Strike
  1745 | D:3      | 1745 ||| STAIRDANCE
  1876 | D:3      | Noticed Sigmund
  1881 | D:3      | Killed Sigmund
  1882 | D:3      | Reached skill level 5 in Ranged Weapons
  1882 | D:3      | Reached XP level 6. HP: 36/46 MP: 0/0
  1999 | D:3      | Reached skill level 3 in Dodging
  2034 | D:3      | Reached XP level 7. HP: 50/50 MP: 0/0
  2034 | D:3      | Learned a level 3 spell: Stone Arrow
  2386 | D:3      | 2386 ||| UPGRADING to +0 helmet.
  2391 | D:3      | 2391 ||| UPGRADING to +6 ring of dexterity.
  2392 | D:3      | 2392 ||| UPGRADING to ring of positive energy.
  2393 | D:3      | 2393 ||| READING scroll of identify.
  2393 | D:3      | 2393 ||| IDENTIFYING fizzy blue potion
  2394 | D:3      | 2394 ||| DRINKING potion of mutation.
  2394 | D:3      | Gained mutation: You are covered in fur. (AC +1) [potion of
                  | mutation]
  2395 | D:3      | 2395 ||| READING scroll labelled IMIGAQ ELAPE.
  2396 | D:3      | 2396 ||| READING scroll labelled IQEKKY MYGUIWN.
  2432 | D:4      | Found a staircase to the Ecumenical Temple.
  2433 | D:4      | 2433 ||| PLANNING TEMPLE
  2433 | D:4      | 2433 ||| READING scroll labelled GAMAWN VEOCS.
  2442 | Temple   | Entered the Ecumenical Temple
  2443 | Temple   | 2443 ||| PLANNING OKAWARU WORSHIP
  2486 | Temple   | Became a worshipper of Warmaster Okawaru
  2487 | Temple   | 2487 ||| PLANNING D:1-11
  2805 | D:4      | Reached skill level 6 in Ranged Weapons
  2957 | D:4      | Found the +16 obsidian axe {drain, demonic, Mesm ^Drain Fly
                  | SInv}
  3130 | D:4      | 3130 ||| UPGRADING to ring of protection from fire.
  3132 | D:4      | 3132 ||| READING 2 scrolls of identify.
  3132 | D:4      | 3132 ||| IDENTIFYING brown potion
  3133 | D:4      | 3133 ||| READING scroll of identify.
  3133 | D:4      | 3133 ||| IDENTIFYING 2 murky puce potions
  3134 | D:4      | 3134 ||| READING scroll labelled PEKERE TIPOERGH.
  3178 | D:5      | Entered Level 5 of the Dungeon
  3219 | D:5      | 3219 ||| RETREEEEATING.
  3230 | D:5      | HP: 5/52 [gnoll/+0 halberd[a gnoll sergeant] (9)]
  3230 | D:5      | HP: 2/52 [gnoll sergeant/+4 spear of flaming (3)]
  3231 | D:5      | 3231 ||| DRINKING potion of heal wounds.
  3233 | D:5      | Slain by a gnoll sergeant

Levels and vault maps discovered:
D:1:      dpeg_arrival_boxes_within_box, layout_basic
D:2:      layout_basic, st_stairs_4
D:3:      minmay_spotlight, layout_rooms, uniq_sigmund, uniq_terence
D:4:      layout_basic, minmay_temple_entry_antechambers,
          minmay_manual_monstrance
D:5:      layout_cave_pools, grunt_dithmenos_smoke_and_mirrors, uniq_grinder
Temple:   mainiacjoe_temple_cubbyholes

Skill      XL: |  1  2  3  4  5  6  7 |
---------------+----------------------+-----
Ranged Weapons | 4 5 6 |  6.1
Armour         | 1 |  1.4
Fighting       | 3 4 |  4.1
Dodging        | 3 4 |  4.2
Stealth        | |  0.7

Action                     |  1- 3 |  4- 6 |  7- 9 || total
---------------------------+-------+-------+-------++-------
   Fire: Shortbow          |    75 |       |       ||    75
         Orcbow            |    41 |    82 |    96 ||   219
    Use: Scroll            |     1 |     5 |     7 ||    13
         Potion            |       |       |     2 ||     2
 Armour: Leather armour    |    14 |       |       ||    14
         Ring mail         |    29 |    50 |    46 ||   125
  Dodge: Dodged            |    62 |    38 |    31 ||   131

Table legend:
 A = Non-vault XP
 B = Vault XP
 C = Vault XP percentage of total XP
 D = Non-vault monster count
 E = Vault monster count
 F = Vault count percentage of total count
                 A         B        C        D         E       F
            +---------+---------+-------+---------+---------+-------
      Total |     658 |     350 |  34.7 |      86 |      12 |  12.2
            +---------+---------+-------+---------+---------+-------
        D:1 |      43 |       0 |   0.0 |      23 |       0 |   0.0
        D:2 |     115 |      42 |  26.8 |      26 |       5 |  16.1
        D:3 |     260 |     235 |  47.5 |      26 |       3 |  10.3
        D:4 |     208 |      73 |  26.0 |       8 |       4 |  33.3
        D:5 |      32 |       0 |   0.0 |       3 |       0 |   0.0
            +---------+---------+-------+---------+---------+-------
